AoeStats
← HAMADY

Fortress

509023273Analyzed
4v4 RM · 7d ago on Sep 25, 2026· 22m 30s· 8 players
Game mode
Random Map
Map size
Huge
Population
200
Speed
Normal
Resources
Standard
Victory
Conquest
Starting age
Dark Age
Ending age
Imperial Age
RankedLock teamsTeams togetherTeam positionsShared explorationLock speedFull tech treeHidden civsTurbo modeCheats
Victory
Defeat
🇨🇳 Celts · China
1330
+14
🇵🇪 Chinese · Peru
1320
+14
1304
+15
🇭🇰 Wei · Hong Kong SAR China
1226
+18
🇭🇰 Khmer · Hong Kong SAR China
1294
-16
🇨🇳 Persians · China
1294
-16
🇷🇺 Italians · Russia
1261
-15
🇯🇵 Slavs · Japan
1260
-14
Dark
8:07 Feudal Age
9:32 Double-Bit Axe
9:30 Horse Collar
12:11 Castle Age
15:30 Bow Saw
16:01 Heavy Plow
16:18 Loom
20:02 Wheelbarrow
20:59 Hand Cart
HAMADY
5:10 Loom
7:36 Feudal Age
9:11 Double-Bit Axe
9:11 Horse Collar
13:29 Castle Age
15:27 Wheelbarrow
15:34 Wheelbarrow
16:32 Bow Saw
16:24 Heavy Plow
20:01 Hand Cart
21:15 Town Watch
DOG
9:14 Feudal Age
12:06 Castle Age
24:14 Imperial Age
impossible
7:23 Feudal Age
9:19 Loom
9:22 Double-Bit Axe
11:54 Castle Age
10:10 Horse Collar
10:27 Stone Mining
Comend x comend
0:30 Loom
7:57 Feudal Age
11:51 Castle Age
10:05 Double-Bit Axe
10:33 Gold Mining
10:58 Horse Collar
14:00 Bow Saw
20:53 Scale Mail Armor
21:32 Squires
21:18 Arson
神山菊花
7:24 Feudal Age
8:32 Loom
11:16 Castle Age
10:59 Forging
13:53 Bloodlines
15:22 Iron Casting
16:58 Double-Bit Axe
17:53 Wheelbarrow
19:00 Horse Collar
19:32 Bow Saw
20:59 Heavy Plow
bleakshadow
8:05 Feudal Age
9:25 Loom
12:33 Castle Age
10:32 Horse Collar
10:45 Double-Bit Axe
12:37 Gold Mining
14:03 Bow Saw
15:46 Heavy Plow
18:52 Wheelbarrow
24:14 Imperial Age
22:43 Gold Shaft Mining
22:30 Scale Mail Armor
22:40 Forging
22:53 Forging
Hbx_蒙古国海军司令
7:31 Feudal Age
11:36 Castle Age
9:25 Double-Bit Axe
9:24 Horse Collar
14:05 Heavy Plow
14:46 Bow Saw
20:41 Wheelbarrow
19:51 Loom
22:38 Hand Cart
Connection lost

Rejoining the realm…

Still unreachable

The connection could not be restored.

Session expired

The server has moved on; the page needs a fresh start.